 Dungeon Crawl Stone Soup version 0.31-a0-261-g072fdb8a1f (webtiles) character file.

Game seed: 13976664906223889816

16 qw the Shooter (level 2, 0/16 HPs)
             Began as a Gargoyle Hexslinger on July 13, 2023.
             Slain by Terence
             ... wielding a +0 flail
              (4 damage)
             ... on level 2 of the Dungeon.
             The game lasted 00:00:16 (830 turns).

qw the Shooter (Gargoyle Hexslinger)                 Turns: 830, Time: 00:00:17

Health: 0/16       AC:  9    Str: 10 (11) XL:     2   Next: 54%
Magic:  3/3        EV: 10    Int: 11 (13) God:
Gold:   78         SH:  0    Dex:  9 (12) Spells: 2/3 levels left

rFire   . . .        Y - +1 sling
rCold   . . .        (no shield)
rNeg    + . .        d - +0 ring mail
rPois   inf          l - +0 helmet
rElec   +            f - +0 cloak
rCorr   .            (no gloves)
SInv    .            (no boots)
Will    .....        (no amulet) Stlth
                     (no ring)
HPRegen 0.22/turn    (no ring)
MPRegen 0.08/turn

%: no passive effects
@: no status effects
A: sickness immunity, AC +2, negative energy resistance 1, electricity
resistance, torment resistance 1, petrification resistance
a: no special abilities


You were on level 2 of the Dungeon.
You visited 1 branch of the dungeon, and saw 2 of its levels.

You collected 78 gold pieces.


Innate Abilities, Weirdness & Mutations

You are immune to sickness and miasma.
Your stone body is resilient. (AC +2)
You are immune to poison.
You resist negative energy. (rN+)
You are resistant to electric shocks. (rElec)
You are resistant to unholy torment.
You are immune to petrification.


   Skills:
 + Level 1.2 Fighting
 - Level 3.0 Ranged Weapons
 - Level 1.5 Dodging
 - Level 1.0 Spellcasting
 - Level 2.6 Hexes


You had 2 spell levels left.
You knew the following spells:

 Your Spells              Type           Power      Damage    Failure   Level
a - Slow                  Hex            24%        N/A       28%         1

Your spell library contained the following spells:

 Spells                   Type           Power      Damage    Failure   Level
 Inner Flame              Hex/Fire       3%         N/A       82%         3
 Portal Projectile        Hex/Tloc       6%         N/A       82%         3
 Cause Fear               Hex            3%         N/A       95%         4

Inventory:

Hand Weapons
 Y - a +1 sling (weapon)
Armour
 d - a +0 ring mail (worn)
 f - a +0 cloak (worn)
 l - a +0 helmet (worn)
Scrolls
 a - a scroll of teleportation {unknown}
Potions
 e - a potion of invisibility {unknown}

Dungeon Overview and Level Annotations

Branches:
Dungeon (2/15)

Altars:

Shops:
D:1 ?

Annotations:
D:2 Terence


Message History

Found a ring mail.
There is a stone staircase leading down here.
A hobgoblin comes into view.
The hobgoblin shouts!
You see here a +0 ring mail.
You shoot a sling bullet.
The sling bullet hits the hobgoblin but does no damage.
The hobgoblin hits you but does no damage.
You shoot a sling bullet. The sling bullet hits the hobgoblin.
The hobgoblin is moderately wounded.
The hobgoblin barely misses you.
You shoot a sling bullet.
The sling bullet barely misses the hobgoblin.
The hobgoblin hits you but does no damage. x2
You shoot a sling bullet.
The sling bullet hits the hobgoblin but does no damage.
The hobgoblin is moderately wounded.
The hobgoblin closely misses you.
You shoot a sling bullet. The sling bullet hits the hobgoblin.
You kill the hobgoblin!
You now have 78 gold pieces (gained 5).
a - a scroll labelled REXIASUNIAV
Enter note:
Enter note:
Enter note: Terence the Incautious comes into view.
He is wielding a +0 flail.
Enter note:
Enter note: You shoot a sling bullet.
The sling bullet barely misses Terence.
You shoot a sling bullet.
The sling bullet hits Terence but does no damage.
Terence hits you with a +0 flail.
You shoot a sling bullet. The sling bullet hits Terence.
Terence is lightly wounded.
Terence barely misses you. Terence hits you with a +0 flail!
Ouch! That really hurt!
You shoot a sling bullet.
The sling bullet closely misses Terence.
Terence hits you with a +0 flail.
You die...

.......# # #.#
#......## #.#
.........# #.#
.....^...# #.######
.........# #......#
.........# ######.#
.........#.### #...#
......[..#.....####.###
.(....... #..@...#
......... #.@#####
........ #.. ########
#.# #. #. . #


You could see Terence.

Vanquished Creatures
  3 bats (D:1)
  A giant cockroach (D:1)
  A goblin (D:1)
  A hobgoblin (D:2)
  2 quokkas (D:1)
  A ball python (D:2)
  2 frilled lizards (D:1)
  3 kobolds (D:1)
  2 rats (D:1)
16 creatures vanquished.

Notes
Turn   | Place    | Note
-------+----------+-------------------------------------------
     0 | D:1      | qw the Gargoyle Hexslinger began the quest for the Orb.
     0 | D:1      | Reached XP level 1. HP: 12/12 MP: 2/2
     0 | D:1      | 0 ||| qw: Version: 0.3-a-52-g30416fa
     0 | D:1      | 0 ||| qw: Game counter: 7020
     0 | D:1      | 0 ||| qw: Melee chars always use a shield: true
     0 | D:1      | 0 ||| qw: God list: Okawaru
     0 | D:1      | 0 ||| qw: Allow faded altars: false
     0 | D:1      | 0 ||| qw: Do Orc after clearing Dungeon:15 true
     0 | D:1      | 0 ||| qw: Do second Lair branch before Depths: true
     0 | D:1      | 0 ||| qw: Lair rune preference: random
     0 | D:1      | 0 ||| qw: Goals: Normal
     0 | D:1      | 0 ||| PLANNING D:1-11
   166 | D:1      | Found a faded altar of an unknown god.
   202 | D:1      | Found Numnick's Magic Scroll Boutique.
   211 | D:1      | Reached XP level 2. HP: 16/16 MP: 3/3
   213 | D:1      | 213 ||| SHOPLISTING scroll of identify (20 gold, have 10).
   481 | D:1      | Reached skill level 3 in Ranged Weapons
   666 | D:1      | 666 ||| UPGRADING to +0 ring mail.
   676 | D:1      | 676 ||| DROPPING +0 robe.
   677 | D:1      | 677 ||| UPGRADING to +0 cloak.
   682 | D:1      | 682 ||| UPGRADING to +0 helmet.
   687 | D:1      | 687 ||| READING scroll labelled HODAEDYXAE.
   688 | D:1      | 688 ||| READING scroll labelled ZEJ UQ NAXZACVAM.
   689 | D:1      | 689 ||| READING scroll labelled KITWYC GENE.
   690 | D:1      | 690 ||| READING scroll labelled JINYCS MOYSE.
   691 | D:1      | 691 ||| DRINKING 3 lumpy red potions.
   692 | D:1      | 692 ||| DROPPING scroll of poison.
   693 | D:1      | 693 ||| DROPPING 2 potions of degeneration.
   826 | D:2      | Noticed Terence
   829 | D:2      | HP: 3/16 [Terence/+0 flail (8)]
   830 | D:2      | Slain by Terence

Levels and vault maps discovered:
D:1:      dpeg_arrival_tiny_a, layout_loops_ring, serial_shops, shop,
          shapermc_ecumenical_altar_petra, st_stairs_12
D:2:      layout_basic, wad_orctagon, uniq_terence

Skill      XL: |  1  2 |
---------------+-------+-----
Ranged Weapons | 3 |  3.0
Fighting       | |  1.2
Dodging        | |  1.5
Spellcasting   | |  1.0
Hexes          | |  2.6

Action                     || total
---------------------------++-------
   Fire: Sling             ||    48
    Use: Scroll            ||     4
         Potion            ||     1
 Armour: Robe              ||     1
         Ring mail         ||     3
  Dodge: Dodged            ||    10

Table legend:
 A = Non-vault XP
 B = Vault XP
 C = Vault XP percentage of total XP
 D = Non-vault monster count
 E = Vault monster count
 F = Vault count percentage of total count
                 A         B        C        D         E       F
            +---------+---------+-------+---------+---------+-------
      Total |      19 |       4 |  17.4 |      14 |       2 |  12.5
            +---------+---------+-------+---------+---------+-------
        D:1 |      16 |       4 |  20.0 |      12 |       2 |  14.3
        D:2 |       3 |       0 |   0.0 |       2 |       0 |   0.0
            +---------+---------+-------+---------+---------+-------
